 Dungeon Crawl Stone Soup version 0.32-a0-913-g739538afd8 (webtiles) character file.

Game seed: 5349234241268350977

107223 jasper the Severer (level 15, -18/116 HPs)
             Began as a Demonspawn Fighter on Apr 9, 2024.
             Was the Champion of Hepliaklqana.
             Killed from afar by Aizul (27 damage)
             ... with a bolt of poison
             ... on level 1 of the Shoals.
             The game lasted 00:32:23 (23459 turns).

jasper the Severer (Demonspawn Fighter)            Turns: 23459, Time: 00:32:24

Health: -18/116    AC: 34    Str: 23    XL:     15   Next: 99%
Magic:  23/23      EV:  5    Int:  8    God:    Hepliaklqana [******]
Gold:   611        SH: 13    Dex: 20    Spells: 13/14 levels left

rFire   + . .        n - +0 broad axe (heavy)
rCold   + + +        O - +2 kite shield {rF+}
rNeg    + . .        s - +11 plate armour of Tufao {^Contam Rampage rC+++ Dex+3}
rPois   .            (helmet unavailable)
rElec   .            L - +0 cloak
rCorr   .            d - +0 pair of fencer's gloves {Riposte Dex+3}
SInv    +            r - +1 pair of boots
Will    +....        Z - amulet of magic regeneration Stlth
                     k - ring of positive energy
HPRegen 0.39/turn    x - ring of protection from cold
MPRegen 0.76/turn

%: rampage
@: lethally poisoned (-18 -> -78), mesmerised, very slow
A: reduced essence, antennae 3, icy blue scales 2, demonic guardian 2, magic
regeneration
a: Renounce Religion, Recall Ancestor, Ancestor Identity, Transference, Idealise


You were on level 1 of the Shoals.
You worshipped Hepliaklqana.
Hepliaklqana was exalted by your worship.
You visited 4 branches of the dungeon, and saw 23 of its levels.
You also visited: Bailey.

You collected 2236 gold pieces.
You spent 1625 gold pieces at shops.

Inventory:

Hand Weapons
 n - a +0 heavy broad axe (weapon)
 S - a +1 whip of electrocution
Missiles
 j - 90 poisoned darts (quivered)
 t - 35 boomerangs
 A - 3 throwing nets
 B - 17 atropa-tipped darts
Armour
 d - the +0 pair of fencer's gloves (worn) {Riposte Dex+3}
   (You acquired it on level 5 of the Dungeon)

   Riposte:   It allows the wearer to riposte with melee weapons, swiftly
   retaliating against missed or blocked melee attacks.
   Dex+3:     It affects your dexterity (+3).
 r - a +1 pair of boots (worn)
 s - the +11 plate armour of Tufao (worn) {^Contam Rampage rC+++ Dex+3}
   (You bought it in a shop on level 2 of the Orcish Mines)

   Dex+3:     It affects your dexterity (+3).
   rC+++:     It renders you almost immune to cold.
   ^Contam:   It causes magical contamination when unequipped.
   Rampage:   It bestows one free step when moving towards enemies.
 D - a +3 plate armour of poison resistance
 L - a +0 cloak (worn)
 O - a +2 kite shield of fire resistance (worn)
Jewellery
 k - a ring of positive energy (left hand)
 x - a ring of protection from cold (right hand)
 y - a ring of ice
 H - a +6 ring of dexterity
 J - a ring of fire
 Z - an amulet of magic regeneration (around neck)
Wands
 l - a wand of polymorph (9)
 m - a wand of paralysis (14)
 z - a wand of digging (7)
 E - a wand of flame (79)
 K - a wand of quicksilver (9)
 Q - a wand of mindburst (5)
 V - a wand of roots (24)
Scrolls
 g - 8 scrolls of teleportation
 h - a scroll of immolation
 p - 5 scrolls of enchant armour
 u - 2 scrolls of poison
 I - 5 scrolls of fog
 M - a scroll of enchant weapon
 N - a scroll of revelation
 R - 10 scrolls of identify
 U - 3 scrolls of fear
 X - 3 scrolls of vulnerability
 Y - 3 scrolls of blinking
Potions
 b - 3 potions of lignification
 c - 2 potions of enlightenment
 e - 4 potions of brilliance
 f - 4 potions of attraction
 i - a potion of cancellation
 o - 2 potions of degeneration
 q - 6 potions of haste
 v - 5 potions of curing
 w - 3 potions of resistance
 F - a potion of magic
 P - 2 potions of ambrosia
 T - a potion of mutation
 W - 3 potions of berserk rage
Miscellaneous
 C - a phantom mirror
 G - a Gell's gravitambourine (2/2)


   Skills:
 - Level 15.4 Fighting
 + Level 17.9 Axes
 - Level 10.5 Armour
 - Level 6.7 Shields
 - Level 11.3 Invocations


You had 13 spell levels left.
You knew the following spells:

 Your Spells              Type           Power      Damage    Failure   Level
a - Apportation           Tloc           0%         N/A       100%        1

Your spell library contained the following spells:

 Spells                   Type           Power      Damage    Failure   Level
 Foxfire                  Conj/Fire      0%         2x1d4     100%        1
 Freeze                   Ice            0%         1d3       100%        1
 Kiss of Death            Conj/Necr      0%         2d5       100%        1
 Necrotise                Necr           0%         1d4       100%        1
 Sting                    Conj/Alch      0%         1d3       100%        1
 Summon Small Mammal      Summ           0%         N/A       100%        1
 Cigotuvi's Dreadful Rot  Necr/Alch/Air  0%         N/A       100%        2
 Jinxbite                 Hex            0%         N/A       100%        2
 Mercury Vapours          Alch/Air       0%         N/A       100%        2
 Dazzling Flash           Conj/Hex       0%         N/A       100%        3
 Frozen Ramparts          Ice            0%         1d1       100%        3
 Hailstorm                Conj/Ice       0%         3d5       100%        3
 Mephitic Cloud           Conj/Alch/Air  0%         N/A       100%        3
 Teleport Other           Tloc           0%         N/A       100%        3
 Animate Dead             Necr           0%         N/A       100%        4
 Brom's Barrelling Bould  Conj/Erth      0%         2d3       100%        4
 Dispel Undead            Necr           0%         3d6       100%        4
 Martyr's Knell           Necr/Summ      0%         N/A       100%        4
 Passage of Golubria      Tloc           0%         N/A       100%        4
 Alistair's Intoxication  Alch           0%         N/A       100%        5
 Borgnjor's Vile Clutch   Necr/Erth      0%         N/A       100%        5
 Curse of Agony           Necr           0%         N/A       100%        5
 Fireball                 Conj/Fire      0%         3d3       100%        5
 Freezing Cloud           Conj/Ice/Air   0%         6-21      100%        5
 Iskenderun's Battlesphe  Conj           0%         2d6       100%        5
 Silence                  Hex/Air        0%         N/A       100%        5
 Summon Forest            Summ/Tloc      0%         N/A       100%        5
 Summon Mana Viper        Hex/Summ       0%         N/A       100%        5
 Conjure Ball Lightning   Conj/Air       0%         3x3d6     100%        6
 Death Channel            Necr           0%         N/A       100%        6
 Dispersal                Tloc           0%         N/A       100%        6
 Gell's Gavotte           Tloc           0%         2d(11-16) 100%        6
 Plasma Beam              Fire/Air       0%         2x1d10    100%        6
 Starburst                Conj/Fire      0%         6d3       100%        6
 Summon Cactus Giant      Summ           0%         N/A       100%        6
 Orb of Destruction       Conj           0%         9d5       100%        7
 Infestation              Necr           0%         N/A       100%        8
 Lehudib's Crystal Spear  Conj/Erth      0%         10d2      100%        8
 Maxwell's Capacitive Co  Air            0%         ∞         100%        8


Dungeon Overview and Level Annotations

Branches:
Dungeon (15/15)            Temple (0/1) D:4            Lair (5/5) D:8
 Shoals (1/4) Lair:3       Spider (0/4) Lair:3        Slime (0/5) Lair:5
    Orc (2/2) D:10            Elf (0/3) Orc:2        Vaults (0/5) D:14
 Depths (0/4) D:15         Bailey (visited)

Altars:
Ashenzari
Cheibriados
Dithmenos
Gozag
Hepliaklqana
Makhleb
Ru
Trog
Vehumet
Xom
Yredelemnul
Beogh
Jiyva
Lugonu

Shops:
D:12 =*   Orc:2 [*[:

Portals:
Abyss: Lair:5*

Annotations:
D:9 1 runed translucent door
Lair:4 exclusion: 3 oklob plants
Lair:5 2 transporters, AutarchDCSS's ghost, journeyman DrGl
Shoals:1 Aizul
Orc:1 2 transporters


Innate Abilities, Weirdness & Mutations

Your life essence is reduced to manifest your ancestor. (-10% HP)
You have a pair of large antennae on your head. (SInv)
You are mostly covered in icy blue scales. (AC +3)
A demonic guardian rushes to your aid.
You regenerate magic rapidly.


Message History

The water elemental barely misses you.
The merfolk avatar chants its luring song.
You regained 24 hp, and now have 26/116 hp.
You cannot read scrolls while unable to breathe!
Unknown command.
The water engulfing you falls away.
You gasp with relief as air once again reaches your lungs.
The pull of its song draws you forwards.
You swap places with your sixfirhy.
You enter the shallow water.
Moving in this stuff is going to be slow.
The merfolk hits you but does no damage.
The water elemental barely misses you.
You riposte.
You slash the water elemental!
The water elemental is moderately damaged.
You slice the manticore!! You slash the water elemental!
Soumah hits the water elemental with a +0 quarterstaff!!
The manticore bites you.
* * * LOW HITPOINT WARNING * * *
You block the manticore's attack. The manticore claws you.
* * * LOW HITPOINT WARNING * * *
Aizul says, "I wasn't actually sleeping!"
Aizul casts a spell at you.
The bolt of poison hits the water elemental.
The water elemental completely resists.
The bolt of poison hits you!
You are lethally poisoned!
* * * LOW HITPOINT WARNING * * *
The merfolk avatar chants its luring song.
The water elemental is engulfed in a cloud of scalding steam.
You block the water elemental's attack. The merfolk barely misses you.
The water elemental hits Soumah.
Soumah hits the water elemental but does no damage.
You block the manticore's attack.
You riposte.
Your unstable footing causes you to fumble your attack.
The manticore claws you but does no damage. x2
Aizul casts a spell at you.
The bolt of poison hits the water elemental.
The water elemental completely resists.
The bolt of poison hits you!!
You are more poisoned.
You die...
Hepliaklqana delivers you to your ancestors. ~~....# ###### ####.~~~ ≈PPP.P#

..... ≈≈≈PP.### .~...
≈≈≈≈~...###### #..~~
≈≈≈≈≈≈≈P.....###.....
≈≈≈≈≈≈≈~≈≈.......#
≈≈≈≈≈≈≈≈≈≈≈~.~~.##
≈≈≈≈≈≈≈≈≈≈≈~≈~~.##
≈~~.~≈.~≈≈~≈≈.§3@#
~...(.~≈≈≈≈~≈~REEH......
~...~..~.≈≈~..S..m~~....
....##....~.....~~~....
##...~.....~~~~m..
.....E###..≈≈~~.. ......
#.$~≈~~.. .....
#.?~~....


You could see the friendly Soumah the battlemage, Aizul, a merfolk avatar
(mesmerising), a merfolk, a manticore, 3 water elementals and a friendly
sixfirhy (summoned).

Vanquished Creatures
  6 hydras
  6 centaur warriors
  A catoblepas (D:13)
  2 boulder beetles (D:13)
  3 orc high priests (Orc:2)
  2 thrashing horrors (Lair:5)
  2 tengu warriors (D:14)
  2 skysharks
  3 skeletal warriors (D:12)
  2 storm dragon skeletons (D:15)
  3 slime creatures (D:13)
  A necromancer (D:15)
  An orc knight (Bailey)
  A deep elf pyromancer (D:12)
  6 manticores
  6 cyclopes
  Maurice (D:8)
  14 ugly things
  14 elephants
  2 black mambas
  2 kobold blastminers
  12 cane toads
  2 smoke demons (Lair:5)
  2 gargoyles
  Maggie (D:10)
  A kobold demonologist (D:13)
  5 komodo dragons
  A rime drake (Lair:3)
  An efreet (D:13)
  A troll (shapeshifter) (Lair:5)
  A hornet (shapeshifter) (D:14)
  4 trolls
  A raiju (Lair:5)
  A raiju (shapeshifter) (D:14)
  11 blink frogs
  A shadow (D:11)
  2 ynoxinuls (Lair:5)
  2 wraiths
  2 wyverns
  A yak (shapeshifter) (Lair:5)
  Eustachio (D:5)
  46 yaks
  2 basilisks
  A warg (Orc:1)
  8 vampire mosquitoes
  Menkaure (D:4)
  8 water moccasins
  14 orc warriors
  3 ogres
  4 wolves
  A phantom (D:6)
  6 centaurs
  4 kobold brigands
  7 bullfrogs
  2 scorpions (D:4)
  6 small abominations (Lair:5)
  3 wights
  15 killer bees
  A bombardier beetle (D:7)
  2 howler monkeys
  3 jellies
  3 hounds
  17 orc priests
  A sleepcap (D:6)
  Terence (D:2)
  19 orc wizards
  4 gnolls (D:3)
  3 adders
  A shadow imp (D:6)
  2 white imps
  2 dart slugs
  3 ribbon worms
  26 orcs
  4 ball pythons
  9 endoplasms
  3 giant cockroaches
  2 goblins (D:3)
  6 hobgoblins
  21 kobolds
  3 quokkas (D:1)
  6 bats
  3 frilled lizards
  4 rats
413 creatures vanquished.

Vanquished Creatures (collateral kills)
  A hydra (D:15)
  A sphinx zombie (D:15)
  A merfolk aquamancer (Shoals:1)
  A catoblepas (Lair:5)
  A centaur warrior (D:15)
  A two-headed ogre (D:9)
  3 boulder beetles
  An orc high priest (Orc:2)
  2 thrashing horrors (Lair:5)
  A tengu warrior (D:14)
  2 skeletal warriors (D:15)
  Nergalle (Lair:1)
  2 sea snakes (Shoals:1)
  A deep troll (shapeshifter) (D:14)
  A flayed ghost (D:15)
  A deep elf pyromancer (D:15)
  5 ugly things
  2 orc sorcerers (Orc:2)
  2 cyclopes
  7 elephants
  A kobold blastminer (Orc:2)
  A gargoyle (D:11)
  A black mamba (Lair:2)
  A smoke demon (Lair:5)
  4 cane toads
  6 komodo dragons
  A rime drake (Lair:2)
  A tengu conjurer (D:14)
  A hornet (D:8)
  A polar bear (Lair:3)
  12 blink frogs
  A water elemental (Shoals:1)
  A spriggan (Lair:5)
  8 basilisks
  2 wyverns (Lair:3)
  22 yaks
  A golden eye (shapeshifter) (D:14)
  A steam dragon (D:5)
  3 vampire mosquitoes
  A chaos spawn (Lair:5)
  An acid dragon (D:12)
  5 water moccasins
  An ice beast (D:7)
  6 orc warriors
  2 black bears
  4 wolves
  6 ogres
  3 centaurs
  2 phantoms (D:6)
  7 kobold brigands
  6 bullfrogs
  3 scorpions
  2 small abominations (Lair:5)
  3 wights
  8 killer bees
  A howler monkey (D:12)
  A bombardier beetle (D:5)
  A hound (D:6)
  A gnoll bouda (D:5)
  4 jellies
  17 orc priests
  2 iguanas
  2 sleepcaps
  12 orc wizards
  3 gnolls (D:5)
  2 ufetubi (D:6)
  A ribbon worm (D:5)
  17 orcs
  An endoplasm (Lair:5)
  A hobgoblin (D:4)
  A quokka (D:5)
  16 kobolds
249 creatures vanquished.

Vanquished Creatures (others)
  14 battlemagi
  An ancestor (D:3)
15 creatures vanquished.

Grand Total: 677 creatures vanquished

Notes
Turn   | Place    | Note
-------+----------+-------------------------------------------
     0 | D:1      | jasper the Demonspawn Fighter began the quest for the Orb.
     0 | D:1      | Reached XP level 1. HP: 18/18 MP: 1/1
    33 | D:1      | Reached skill level 2 in Axes
   242 | D:1      | Gained mutation: You are partially covered in icy blue
                  | scales. (AC +2) [demonic ancestry]
   242 | D:1      | Reached XP level 2. HP: 13/24 MP: 2/2
   575 | D:1      | Reached skill level 3 in Axes
   760 | D:2      | Identified the +1 short sword "Ynitradu" {flame, Str+4}
   888 | D:2      | Reached XP level 3. HP: 28/29 MP: 3/3
   900 | D:2      | Found a hazy altar of Hepliaklqana.
   916 | D:2      | Became a worshipper of Hepliaklqana the Forgotten
   935 | D:2      | Noticed Terence
   952 | D:2      | Killed Terence
  1488 | D:2      | Reached skill level 4 in Axes
  1488 | D:2      | Gained mutation: You have a pair of small antennae on your
                  | head. [demonic ancestry]
  1488 | D:2      | Reached XP level 4. HP: 31/35 MP: 4/4
  1534 | D:2      | Found a faded altar of an unknown god.
  1576 | D:3      | Reached * piety under Hepliaklqana
  1637 | D:3      | Found an opulent altar of Gozag.
  2099 | D:4      | Reached XP level 5. HP: 21/36 MP: 5/5
  2195 | D:4      | Reached skill level 5 in Axes
  2215 | D:4      | Found a shadowy altar of Dithmenos.
  2293 | D:4      | Noticed Menkaure
  2300 | D:4      | HP: 1/36 [Menkaure (9)]
  2302 | D:4      | Killed Menkaure
  2303 | D:4      | Reached skill level 6 in Axes
  2303 | D:4      | Gained mutation: You have a pair of antennae on your head.
                  | [demonic ancestry]
  2303 | D:4      | Reached XP level 6. HP: 2/42 MP: 6/6
  2766 | D:4      | Found a staircase to the Ecumenical Temple.
  2823 | D:4      | Reached skill level 7 in Axes
  2926 | D:4      | Reached ** piety under Hepliaklqana
  2927 | D:4      | Remembered your ancestor Soumah as a battlemage
  3086 | D:5      | Entered Level 5 of the Dungeon
  3101 | D:5      | Gained mutation: You regenerate magic rapidly. [demonic
                  | ancestry]
  3101 | D:5      | Reached XP level 7. HP: 42/46 MP: 7/7
  3126 | D:5      | Identified a scroll of acquirement
  3126 | D:5      | Acquired the +0 pair of fencer's gloves {Riposte Dex+3}
  3126 | D:5      | Found the +0 pair of fencer's gloves {Riposte Dex+3}
  3284 | D:5      | Reached skill level 8 in Axes
  3296 | D:5      | Noticed a steam dragon
  3303 | D:5      | Killed a steam dragon
  3446 | D:5      | Reached XP level 8. HP: 52/52 MP: 8/8
  3512 | D:5      | Noticed Eustachio
  3522 | D:5      | Killed Eustachio
  3523 | D:5      | Reached skill level 9 in Axes
  3959 | D:6      | Found a sacrificial altar of Ru.
  4010 | D:6      | Reached skill level 10 in Axes
  4069 | D:6      | Found a shimmering altar of Xom.
  4070 | D:6      | Found a hazy altar of Hepliaklqana.
  4070 | D:6      | Noticed a hell beast
  4071 | D:6      | Noticed a spectral ugly thing
  4071 | D:6      | Noticed a hell beast
  4139 | D:6      | Found a snail-covered altar of Cheibriados.
  4449 | D:6      | Reached *** piety under Hepliaklqana
  4508 | D:7      | Reached skill level 11 in Axes
  4508 | D:7      | Gained mutation: You are mostly covered in icy blue scales.
                  | (AC +3) [demonic ancestry]
  4508 | D:7      | Reached XP level 9. HP: 40/56 MP: 9/9
  4701 | D:7      | Reached skill level 12 in Axes
  4701 | D:7      | Found a flagged portal.
  4718 | Bailey   | Entered a bailey
  4837 | Bailey   | Noticed an orc knight
  4883 | Bailey   | Reached skill level 13 in Axes
  4884 | Bailey   | Found an iron altar of Okawaru.
  4996 | Bailey   | Killed an orc knight
  4997 | Bailey   | Gained mutation: A weak demonic guardian rushes to your
                  | aid. [demonic ancestry]
  4997 | Bailey   | Reached XP level 10. HP: 45/63 MP: 10/10
  5493 | D:7      | Identified the +0 scale mail of the Rhinotaur {rPois Will-
                  | Stlth+}
  5666 | D:8      | Reached skill level 14 in Axes
  5768 | D:8      | Found a broken altar of Ashenzari.
  5781 | D:8      | Noticed Maurice
  5858 | D:8      | Paralysed by Maurice for 4 turns
  5871 | D:8      | Found a burning altar of Makhleb.
  5995 | D:8      | Reached skill level 15 in Axes
  6106 | D:8      | Found a staircase to the Lair.
  6159 | D:8      | Reached **** piety under Hepliaklqana
  6209 | D:8      | Found a radiant altar of Vehumet.
  6363 | D:8      | Something stole a Gell's gravitambourine (2/2)
  6368 | D:8      | Paralysed by something for 4 turns
  6388 | D:8      | Paralysed by something for 3 turns
  6396 | D:8      | Something stole a +6 ring of intelligence
  6397 | D:8      | Killed Maurice
  6782 | D:8      | Gained mutation: You have a pair of large antennae on your
                  | head. (SInv) [demonic ancestry]
  6782 | D:8      | Reached XP level 11. HP: 61/67 MP: 11/11
  6856 | D:9      | Noticed a two-headed ogre
  6865 | D:9      | Killed a two-headed ogre
  7136 | D:9      | Found a runed translucent door.
  7140 | D:9      | Found a basalt altar of Yredelemnul.
  7429 | D:9      | Noticed a centaur warrior
  7443 | D:9      | Killed a centaur warrior
  7444 | D:9      | Reached skill level 16 in Axes
  7725 | D:9      | Reached skill level 1 in Invocations
  7888 | D:10     | Entered Level 10 of the Dungeon
  7888 | D:10     | Found a staircase to the Orcish Mines.
  7980 | D:10     | Noticed Maggie
  7995 | D:10     | Killed Maggie
  8237 | D:10     | Noticed a centaur warrior
  8242 | D:10     | Killed a centaur warrior
  8243 | D:10     | Reached skill level 5 in Fighting
  8556 | D:10     | Gained mutation: A demonic guardian rushes to your aid.
                  | [demonic ancestry]
  8556 | D:10     | Reached XP level 12. HP: 77/77 MP: 13/20
  8950 | D:11     | Reached skill level 5 in Armour
  9202 | D:11     | Reached ***** piety under Hepliaklqana
  9353 | Lair:1   | Entered Level 1 of the Lair of Beasts
  9360 | Lair:1   | Reached XP level 13. HP: 81/88 MP: 16/21
 10331 | Lair:1   | Noticed Nergalle
 10340 | Lair:1   | Killed Nergalle
 11010 | Lair:2   | Reached skill level 10 in Fighting
 11574 | Lair:3   | Found a staircase to the Shoals.
 12253 | Lair:3   | Got the Elucidation of Gloom
 12437 | Lair:3   | Found a hole to the Spider Nest.
 12975 | Lair:4   | Reached XP level 14. HP: 104/104 MP: 22/22
 14078 | Lair:5   | Entered Level 5 of the Lair of Beasts
 14111 | Lair:5   | Learned a level 1 spell: Apportation
 14232 | Lair:5   | Found a transporter.
 14647 | Lair:5   | Found a staircase to the Slime Pits.
 14648 | Lair:5   | Found a viscous altar of Jiyva.
 14662 | Lair:5   | Identified the +7 quarterstaff of the Hurling Seeker
                  | {flame, rN+ Will+}
 15490 | Lair:5   | Reached skill level 10 in Armour
 15491 | Lair:5   | Found a corrupted altar of Lugonu.
 15491 | Lair:5   | Found a one-way gate to the infinite horrors of the Abyss.
 15532 | Lair:5   | Identified the +1 scale mail of Wonder {Str+2}
 15735 | Lair:5   | Found a transporter.
 15735 | Lair:5   | Noticed AutarchDCSS's ghost (journeyman DrGl)
 16372 | Orc:1    | Entered Level 1 of the Orcish Mines
 16374 | Orc:1    | Found a transporter.
 16392 | Orc:1    | Found a transporter.
 16661 | Orc:1    | Noticed a stone giant
 16664 | Orc:1    | Found a bloodstained altar of Trog.
 16664 | Orc:1    | Found the necklace of Bloodlust {Fury *Rage Will++ Int-3
                  | Slay+6}
 16805 | Orc:1    | Found a roughly hewn altar of Beogh.
 16813 | Orc:1    | Reached skill level 15 in Fighting
 16826 | Orc:1    | Found a roughly hewn altar of Beogh.
 16919 | Orc:2    | Entered Level 2 of the Orcish Mines
 16936 | Orc:2    | Reached ****** piety under Hepliaklqana
 17243 | Orc:2    | Found a staircase to the Elven Halls.
 17320 | Orc:2    | HP: 5/110 [orc sorcerer/bolt of fire (20)]
 17549 | Orc:2    | Reached XP level 15. HP: 75/116 MP: 23/23
 17697 | Orc:2    | Found Mumaiwem's Assorted Antiques.
 17697 | Orc:2    | Found Wauriat's Book Emporium.
 17697 | Orc:2    | Found Pagif's Antique Armour Emporium.
 17700 | Orc:2    | Found Bezadduic's Antique Armour Shoppe.
 17709 | Orc:2    | Bought a faintly humming plate armour for 700 gold pieces
 17709 | Orc:2    | Identified the +11 plate armour of Tufao {^Contam Rampage
                  | rC+++ Dex+3} (You bought it in a shop on level 2 of the
                  | Orcish Mines)
 17720 | Orc:2    | Bought a runed kite shield for 210 gold pieces
 17731 | Orc:2    | Bought a scroll of fear for 124 gold pieces
 17731 | Orc:2    | Bought a scroll of fog for 124 gold pieces
 17731 | Orc:2    | Bought a scroll of fear for 124 gold pieces
 17731 | Orc:2    | Bought a potion of heal wounds for 155 gold pieces
 18655 | D:12     | Found Adwuxkeweg's General Store.
 18660 | D:12     | Bought a scroll of fog for 64 gold pieces
 18963 | D:12     | Reached skill level 5 in Shields
 19279 | D:12     | Found Qexe's Jewellery Boutique.
 20402 | Orc:2    | Bought a broad axe for 124 gold pieces
 21450 | D:14     | Found a gate to the Vaults.
 22308 | D:15     | Entered Level 15 of the Dungeon
 22358 | D:15     | Reached skill level 17 in Axes
 22507 | D:15     | Found a staircase to the Depths.
 23270 | Shoals:1 | Entered Level 1 of the Shoals
 23455 | Shoals:1 | Identified the serpent talisman of Uskayaw's Favour {*Slow
                  | Will+++ Str-3 Int+4}
 23455 | Shoals:1 | Noticed Aizul
 23457 | Shoals:1 | HP: 2/116 [water elemental[a merfolk aquamancer] (10)]
 23459 | Shoals:1 | Killed from afar by Aizul

Illustrated notes

Levels and vault maps discovered:
D:1:      eino_arrival_druids_welcome, layout_loops_cross
D:2:      layout_basic, shapermc_ecumenical_altar_mp_vishouse, basic_altar,
          uniq_terence
D:3:      layout_rooms, grunt_gozag_statues
D:4:      kennysheep_six_static_rooms, layout_basic, zin_treasury,
          nicolae_dithmenos_shadow_blocks, minmay_temple_entry_ruins,
          uniq_menkaure
D:5:      layout_basic, uniq_eustachio
D:6:      layout_rooms, old_standard_altar, mainiacjoe_overflow_24_doors,
          amcnicky_altar_gilded, regret_index_temple_of_mockery
D:7:      layout_basic, enter_bailey_6
D:8:      layout_loops_ring, mainiacjoe_overflow_cross_hatched,
          evilmike_ruin_ashenzari, lightli_temple_of_fire, uniq_maurice
D:9:      layout_loops_cross, dk_yredelemnul_ordeal
D:10:     layout_long_grid, orc_0_dummy, kennysheep_small_square, uniq_maggie
D:11:     layout_cave_pools
D:12:     layout_roguey, serial_rivers, chequers_serial_rivers_micro_a,
          chequers_serial_rivers_small_b, chequers_serial_rivers_micro_a,
          chequers_serial_rivers_small_3, chequers_serial_rivers_micro_c,
          serial_shops, nicolae_shop_stone, shop,
          chequers_serial_rivers_small_b, nzn_sisyphean_effort
D:13:     layout_loops_ring, minivault_1, kennysheep_generic_room_5
D:14:     layout_loops_corners, david_vaults_2, minmay_misc_feat_room
D:15:     gammafunk_depths_entry_grave, layout_basic, solitary_fountain
Lair:1:   layout_gridlike, lemuel_another_geyser, serial_bayou_shore_b,
          lemuel_fruit_tree, uniq_nergalle
Lair:2:   layout_long_grid, infiniplex_staircase_pool_2
Lair:3:   layout_regular_city, minmay_shoals_entry_centaurs,
          spider_nest_entry_web_field, hibernation_bobbens, grunt_megastairs_4
Lair:4:   layout_cave_shapes, serial_bayou_ford_a, lookout_lair_type,
          dpeg_oklob_1
Lair:5:   hellmonk_lair_end_abyssal_woods, layout_cave_pods,
          nicolae_slime_entry_slimehenge, gammafunk_ghost_abyssal_escape
Shoals:1: layout_shoals, uniq_aizul
Orc:1:    emtedronai_trogs_sanctum, layout_caves, basic_altar,
          minmay_orc_temple_a
Orc:2:    st_orc_mages, layout_diamond_mine

Skill      XL: |  1  2  3  4  5  6  7  8  9 10 11 12 13 14 15 |
---------------+----------------------------------------------+-----
Axes           | 2 3 4 6 7 8 11 13 15 16 17 | 17.9
Invocations    | 11 | 11.3
Armour         | 3 5 8 10 | 10.5
Fighting       | 5 7 12 15 | 15.4
Shields        | 6 |  6.7

Action                     |  1- 3 |  4- 6 |  7- 9 | 10-12 | 13-15 || total
---------------------------+-------+-------+-------+-------+-------++-------
  Melee: War axe           |    95 |    83 |   164 |   277 |   448 ||  1067
         Whip              |       |       |       |       |    58 ||    58
         Broad axe         |       |       |       |       |   122 ||   122
  Throw: Dart              |     3 |       |       |       |     8 ||    11
   Cast: Apportation       |       |       |       |       |     2 ||     2
 Invoke: Ancestor Life: Ba |       |     1 |       |       |       ||     1
         Idealise          |       |       |       |     1 |     3 ||     4
         Recall Ancestor   |       |       |       |       |     2 ||     2
  Evoke: Wand              |       |       |       |       |     3 ||     3
    Use: Scroll            |       |    10 |     5 |    11 |     7 ||    33
         Potion            |       |     1 |       |     2 |     8 ||    11
   Stab: Distracted        |       |     1 |     7 |     4 |    19 ||    31
 Armour: Scale mail        |    93 |    76 |   131 |       |       ||   300
         Plate armour      |       |       |     9 |   339 |   961 ||  1309
  Dodge: Dodged            |    37 |    31 |    65 |    78 |   194 ||   405
  Block: Buckler           |    25 |    20 |    37 |    93 |   123 ||   298
         Kite shield       |       |       |       |       |   185 ||   185
Riposte: War axe           |       |       |    26 |    52 |    93 ||   171
         Whip              |       |       |       |       |    13 ||    13
         Broad axe         |       |       |       |       |    38 ||    38

Table legend: (Time is in decaauts)
 A = Elapsed time spent in this place.
 B = Non-inter-level travel time spent in this place.
 C = Inter-level travel time spent in this place.
 D = Time resting spent in this place.
 E = Time spent auto-exploring this place.
 F = Levels seen in this place.
 G = Mean time per level.
                   A        B        C        D        E       F      G
               +--------+--------+--------+--------+--------+-----+--------+
         Total |  23573 |  22127 |   1446 |   1600 |  16417 |  24 |  982.2 |
       Dungeon |  13700 |  12721 |    979 |    732 |   9669 |  15 |  913.3 |
          Lair |   7030 |   6709 |    321 |    365 |   5237 |   5 | 1406.0 |
        Shoals |    194 |    194 |      0 |     10 |    140 |   1 |  194.0 |
  Orcish Mines |   2277 |   2134 |    143 |    427 |   1245 |   2 | 1138.5 |
        Bailey |    370 |    370 |      0 |     66 |    124 |   1 |  370.0 |
               +--------+--------+--------+--------+--------+-----+--------+

Top non-repeatable levels by time:
  Lair:5: 2104 daAuts
  Lair:3: 1439 daAuts
   Orc:2: 1376 daAuts
    D:12: 1339 daAuts
     D:8: 1329 daAuts
  Lair:4: 1273 daAuts
    D:14: 1212 daAuts
    D:13: 1189 daAuts
  Lair:1: 1184 daAuts
     D:9: 1069 daAuts
  Lair:2: 1028 daAuts
     D:4: 1006 daAuts
   Orc:1: 901 daAuts
     D:2: 832 daAuts
    D:11: 819 daAuts
